 Dungeon Crawl Stone Soup version 0.31-a0-149-g3fdcc5976a (webtiles) character file.

Game seed: 9897607913196918495

12279 IdlyInterested the Fighter (level 11, -2/101 HPs)
             Began as a Demonspawn Fighter on June 7, 2023.
             Was a Priest of Ashenzari.
             Slain by a meliai
             ... wielding a +0 hand axe
              (7 damage)
             ... on level 11 of the Dungeon.
             The game lasted 00:35:59 (11137 turns).

IdlyInterested the Fighter (Demonspawn Fighter)    Turns: 11137, Time: 00:36:00

Health: -2/101     AC: 10    Str: 33    XL:     11   Next: 60%
Magic:  13/13      EV: 15    Int: 12    God:    Ashenzari [***...]
Gold:   1917       SH:  0    Dex: 16    Spells: 13/13 levels left

rFire   . . .        t - +4 battleaxe of the Mantic Entitlement {Range, Melee} (curse)
rCold   + . .        (shield currently unavailable)
rNeg    . . .        W - +1 leather armour of the Hunter {rElec Slay+5}
rPois   .            p - +0 helmet "Restrained With Me" {Range, Evo} (curse)
rElec   +            v - +0 cloak of Insecurity {rElec Will+ Dex+3 Slay+2}
rCorr   +            P - +0 pair of gloves of Ashenzari's Pleiades {Alch, Self} (curse)
SInv    +            (no boots)
Will    +....        (no amulet)
Stlth   ++           V - ring "Kelisarch" {rC+ rCorr Dex+3}
HPRegen 0.36/turn    M - ring of the Shackled Blue Moon {Str+6, Alch, Cun} (curse)
MPRegen 0.13/turn

%: clarity
@: no status effects
A: ignite blood 1, spiny 3, sharp scales 1, demonic touch 2, clever 1, strong 2,
inability to drink after injury 1
a: Renounce Religion, Curse Item, Shatter the Chains


You were on level 11 of the Dungeon.
You worshipped Ashenzari.
Ashenzari was most pleased with you.
You visited 2 branches of the dungeon, and saw 12 of its levels.
You also visited: Sewer and Bailey.

You collected 1917 gold pieces.

Inventory:

Hand Weapons
 a - a +0 war axe
 t - the cursed +4 battleaxe of the Mantic Entitlement (weapon) {Range, Melee}
   (You took it off a wight on level 8 of the Dungeon)

   It has a curse which improves the following skills: Ranged Combat: Ranged
   Weapons and Throwing.
   Melee Combat: Short Blades, Long Blades, Axes, Maces & Flails, Polearms,
   Staves and Unarmed Combat.
 C - a +0 war axe
Missiles
 g - 52 stones (quivered)
 i - 5 javelins
 r - 43 poisoned darts
 w - 10 curare-tipped darts
Armour
 c - a +0 buckler
 l - a +1 chain mail of positive energy
 n - the +1 robe of Hedonism {+Inv rPois Regen+ Str-3}
   (You found it in a bailey)

   Str:       It affects your strength (-3).
   rPois:     It protects you from poison.
   +Inv:      It lets you turn invisible.
   Regen:     It increases your rate of health regeneration.
 p - the cursed +0 helmet "Restrained With Me" (worn) {Range, Evo}
   (You took it off Robin on level 2 of the Dungeon)

   It has a curse which improves the following skills: Ranged Combat: Ranged
   Weapons and Throwing.
   Evocations: Evocations.
 v - the +0 cloak of Insecurity (worn) {rElec Will+ Dex+3 Slay+2}
   (You acquired it on level 3 of the Dungeon)

   Dex:       It affects your dexterity (+3).
   Slay:      It affects your accuracy & damage with ranged weapons and melee
   (+2).
   rElec:     It insulates you from electricity.
   Will:      It increases your willpower.
 A - a +2 buckler of cold resistance
 J - +0 steam dragon scales
 O - a +2 robe of resistance
 P - the cursed +0 pair of gloves of Ashenzari's Pleiades (worn) {Alch, Self}
   (You found it on level 8 of the Dungeon)

   It has a curse which improves the following skills: Alchemy: Poison Magic and
   Transmutations.
   Introspection: Fighting and Spellcasting.
 R - a +0 pair of gloves
 W - the +1 leather armour of the Hunter (worn) {rElec Slay+5}
   (You found it in a bailey)

   Slay:      It affects your accuracy & damage with ranged weapons and melee
   (+5).
   rElec:     It insulates you from electricity.
Jewellery
 s - a +5 ring of evasion
 M - the cursed ring of the Shackled Blue Moon (right hand) {Str+6, Alch, Cun}
   (You found it on level 7 of the Dungeon)

   [ring of strength]

   Str:       It affects your strength (+6).
   It has a curse which improves the following skills: Alchemy: Poison Magic and
   Transmutations.
   Cunning:   Dodging and Stealth.
 N - a ring of protection from fire
 T - the ring "Zoith" {rElec EV+5}
   (You found it on level 11 of the Dungeon)

   [ring of evasion]

   EV:        It affects your evasion (+5).
   rElec:     It insulates you from electricity.
 V - the ring "Kelisarch" (left hand) {rC+ rCorr Dex+3}
   (You found it in a bailey)

   [ring of resist corrosion]

   Dex:       It affects your dexterity (+3).
   rC:        It protects you from cold.
   rCorr:     It protects you from acid and corrosion.
 Y - a ring of willpower
Wands
 H - a wand of roots (17)
 X - a wand of charming (5)
Scrolls
 b - 3 scrolls of fog
 h - a scroll of fear
 m - 6 scrolls of amnesia
 o - a scroll of torment
 u - 9 scrolls of teleportation
 B - 2 scrolls of enchant armour
 G - 2 scrolls of poison
 L - a scroll of enchant weapon
 Q - 2 scrolls of vulnerability
Potions
 d - a potion of resistance
 e - 6 potions of curing
 f - 3 potions of mutation
 j - 4 potions of cancellation
 k - 4 potions of lignification
 q - 6 potions of haste
 E - 2 potions of attraction
 K - 2 potions of invisibility
 U - a potion of might


   Skills:
 + Level 12.9(14.3) Fighting
 - Level 8.0(9.5) Axes
 - Level 2.0(3.6) Throwing
 - Level 8.0 Armour
 - Level 4.6(6.0) Dodging
 - Level 1.0(1.9) Stealth
 - Level 2.6 Shields
 - Level 3.0(4.3) Unarmed Combat
 - Level 1.0(1.9) Spellcasting
 - Level 2.0(3.1) Evocations


You had 13 spell levels left.
You didn't know any spells.
Your spell library contained the following spells:

 Spells                   Type           Power      Damage    Failure   Level
 Sandblast                Erth           2%         2d4       30%         1
 Shock                    Conj/Air       4%         1d3       30%         1
 Summon Small Mammal      Summ           4%         N/A       30%         1
 Passwall                 Tmut/Erth      0%         N/A       38%         2
 Ensorcelled Hibernation  Hex/Ice        2%         N/A       41%         2
 Static Discharge         Conj/Air       2%         2-3/arc   41%         2
 Call Canine Familiar     Summ           1%         N/A       65%         3
 Portal Projectile        Hex/Tloc       2%         N/A       65%         3
 Stone Arrow              Conj/Erth      2%         3d7       65%         3
 Summon Guardian Golem    Hex/Summ       1%         N/A       65%         3
 Swiftness                Air            1%         N/A       65%         3
 Tukima's Dance           Hex            1%         N/A       65%         3
 Airstrike                Air            0%         2d(1-17)  96%         4
 Flame Wave               Conj/Fire      1%         2d4       96%         4
 Summon Lightning Spire   Summ/Air       1%         N/A       96%         4
 Blade Hands              Tmut           0%         N/A       100%        5
 Conjure Ball Lightning   Conj/Air       0%         3x3d6     100%        6
 Ozocubu's Refrigeration  Ice            0%         4d7       100%        7
 Discord                  Hex            0%         N/A       100%        8
 Disjunction              Tloc           0%         N/A       100%        8


Dungeon Overview and Level Annotations

Branches:
Dungeon (11/15)            Temple (1/1) D:7            Lair (0/5) D:11
  Sewer (visited)          Bailey (visited)
    Orc: D:9-12

Altars:
Ashenzari
Cheibriados
Dithmenos
Fedhas
Gozag
Hepliaklqana
Kikubaaqudgha
Makhleb
Nemelex Xobeh
Okawaru
Qazlal
Ru
Sif Muna
Trog
Uskayaw
Vehumet
Wu Jian
Xom
Yredelemnul

Shops:
D:9 !

Annotations:
D:11 1 transporter


Innate Abilities, Weirdness & Mutations

Your demonic aura sometimes causes spilled blood to erupt in flames.
You are completely covered in sharp spines.
You are partially covered in razor-sharp scales. (AC +1, Slay +1)
Your touch may inflict irresistible damage on your foes.
Your mind is acute. (Int +4, Str/Dex -1)
Your muscles are very strong. (Str +8, Int/Dex -2)
You occasionally lose the ability to drink potions when taking damage.


Message History

The meliai barely misses you. The meliai stings you!
A meliai comes into view. It is wielding a +0 hand axe.
The meliai is struck by your spines. The meliai barely misses you.
The meliai closely misses you.
You hit the meliai.
The meliai is heavily wounded.
The meliai hits you with a +0 hand axe. The meliai stings you.
The meliai calls down the wrath of its god upon you.
Something smites you! The meliai misses you. x2
You open the meliai like a pillowcase!!!
You kill the meliai!
The meliai misses you. The meliai barely misses you.
The meliai hits you with a +0 war axe! The meliai closely misses you.
You slash the meliai!
The meliai is heavily wounded.
The meliai hits you with a +0 war axe.
The meliai stings you but does no damage.
The meliai calls down the wrath of its god upon you.
Something smites you! The meliai hits you with a +0 war axe!
The meliai barely misses you.
You slash the meliai!
The meliai is almost dead.
The meliai invokes the aid of its god against you.
Something smites you!
* * * LOW HITPOINT WARNING * * *
The meliai mumbles some strange prayers to its god against you.
Something smites you!
* * * LOW HITPOINT WARNING * * *
The meliai calls upon its god to heal the meliai.
The meliai is healed somewhat.
The meliai is struck by your spines.
You kill the meliai!
The meliai barely misses you. The meliai closely misses you.
The meliai is struck by your spines. The meliai hits you with a +0 hand axe.
* * * LOW HITPOINT WARNING * * *
The meliai barely misses you.
Items here: $ )) [[ †.
You miss the meliai.
The meliai is moderately wounded.
The meliai is struck by your spines. The meliai hits you with a +0 hand axe!
You die...

, * , .# ** , #># *
,,###># , , ∆ ....#* ,
, * ** ,...# {{ , *
*####.########..##
*####,
......y@...##..#.###..
###...####...#.#...#.#*
#.### ©,###...###.#.#
## *.#.#,* *
#8##........### .# #.#
###. , ,#{T#.####.#...#
.# #.##.## . **
#.'{h#.##.#.#.#.# .#
#.#l#. .#
*B.#ll#.#..#.#.#.# .#
#.##C#.#,
#.####.#.[#.....#
.###..##D#
##..⌠.#....#.###


You could see a meliai.

Vanquished Creatures
  Erica (D:8)
  2 two-headed ogres (D:10)
  The ghost of Esekla the Covert, a novice OpDe of Gozag (D:8)
  Sonja (D:11)
  Lodul (D:11)
  2 oklob plants (D:11)
  2 gargoyles
  A komodo dragon (D:10)
  A kobold demonologist (D:9)
  2 meliai (D:11)
  A hornet (D:9)
  3 trolls
  Prince Ribbit (D:7)
  A shadow (D:9)
  A vampire (Bailey)
  Sigmund (D:3)
  2 wyverns (D:8)
  5 yaks (D:10)
  2 steam dragons
  Menkaure (D:7)
  An acid dragon (D:11)
  An ice beast (D:7)
  An orc warrior (D:9)
  A black bear (D:6)
  7 ogres
  3 centaurs
  5 kobold brigands
  2 bullfrogs
  2 scorpions
  9 wights
  8 vampire bats (Bailey)
  2 howler monkeys (D:6)
  4 wolf zombies (Bailey)
  6 hounds
  2 orc priests
  10 iguanas
  2 sleepcaps
  5 orc wizards
  Robin (D:2)
  A gnoll (D:1)
  3 adders
  2 river rats (D:3)
  A white imp (D:7)
  2 ufetubi
  A worm (D:2)
  2 dart slugs (D:2)
  23 orcs
  13 ball pythons
  2 endoplasms
  6 giant cockroaches
  21 goblins
  3 hobgoblins
  8 jackals
  28 kobolds
  3 quokkas
  6 bats
  3 frilled lizards
  18 orc zombies (Bailey)
  11 rats
261 creatures vanquished.

Notes
Turn   | Place    | Note
-------+----------+-------------------------------------------
     0 | D:1      | IdlyInterested the Demonspawn Fighter began the quest for
                  | the Orb.
     0 | D:1      | Reached XP level 1. HP: 18/18 MP: 1/1
    78 | D:1      | Gained mutation: Your touch may inflict minor irresistible
                  | damage on your foes. [demonic ancestry]
    78 | D:1      | Reached XP level 2. HP: 20/24 MP: 2/2
   387 | D:1      | Reached skill level 1 in Unarmed Combat
   458 | D:1      | Gained mutation: You are partially covered in sharp spines.
                  | [demonic ancestry]
   458 | D:1      | Reached XP level 3. HP: 29/29 MP: 3/3
  1084 | D:2      | Reached skill level 1 in Dodging
  1235 | D:2      | Noticed Robin
  1241 | D:2      | Reached skill level 1 in Stealth
  1245 | D:2      | Gained mutation: Your touch may inflict irresistible damage
                  | on your foes. [demonic ancestry]
  1245 | D:2      | Reached XP level 4. HP: 25/37 MP: 4/4
  1250 | D:2      | Killed Robin
  1254 | D:2      | Reached skill level 4 in Fighting
  1495 | D:2      | Found a faded altar of an unknown god.
  1507 | D:2      | Reached skill level 1 in Throwing
  1919 | D:3      | Found a shadowy altar of Dithmenos.
  1960 | D:3      | Found a glowing drain.
  1977 | D:3      | Reached skill level 1 in Evocations
  1981 | D:3      | Gained mutation: You are mostly covered in sharp spines.
                  | [demonic ancestry]
  1981 | D:3      | Reached XP level 5. HP: 38/43 MP: 5/5
  1988 | Sewer    | Entered a sewer
  2071 | Sewer    | Reached skill level 5 in Fighting
  2071 | Sewer    | Reached skill level 1 in Spellcasting
  2181 | Sewer    | Gained mutation: You are partially covered in razor-sharp
                  | scales. (AC +1, Slay +1) [demonic ancestry]
  2181 | Sewer    | Reached XP level 6. HP: 48/51 MP: 7/7
  2466 | D:3      | Gained mutation: You occasionally lose the ability to drink
                  | potions when taking damage. [potion of mutation]
  2466 | D:3      | Gained mutation: Your muscles are strong. (Str +4, Int/Dex
                  | -1) [potion of mutation]
  2466 | D:3      | Gained mutation: Your muscles are very strong. (Str +8,
                  | Int/Dex -2) [potion of mutation]
  2466 | D:3      | Gained mutation: Your mind is acute. (Int +4, Str/Dex -1)
                  | [potion of mutation]
  2467 | D:3      | Identified 2 scrolls of acquirement
  2467 | D:3      | Acquired the +0 cloak of Insecurity {rElec Will+ Dex+3
                  | Slay+2}
  2474 | D:3      | Acquired 1134 gold pieces
  2519 | D:3      | Noticed Sigmund
  2531 | D:3      | Killed Sigmund
  2532 | D:3      | Reached skill level 6 in Fighting
  2969 | D:4      | Reached XP level 7. HP: 58/58 MP: 8/8
  3194 | D:4      | Found an ancient bone altar of Kikubaaqudgha.
  3702 | D:5      | Entered Level 5 of the Dungeon
  3792 | D:5      | Found a hazy altar of Hepliaklqana.
  4269 | D:5      | Found a shimmering altar of Xom.
  4269 | D:5      | Found a shimmering altar of Xom.
  4270 | D:5      | Found a shimmering altar of Xom.
  4270 | D:5      | Found a shimmering altar of Xom.
  4270 | D:5      | Found a shimmering altar of Xom.
  4271 | D:5      | Found a shimmering altar of Xom.
  4272 | D:5      | Found a shimmering altar of Xom.
  4606 | D:6      | Noticed a steam dragon
  4616 | D:6      | Killed a steam dragon
  4617 | D:6      | Reached skill level 7 in Fighting
  4617 | D:6      | Reached XP level 8. HP: 39/67 MP: 9/9
  5738 | D:7      | Reached skill level 8 in Fighting
  5739 | D:7      | Noticed Prince Ribbit
  5740 | D:7      | Noticed Menkaure
  5746 | D:7      | Killed Prince Ribbit
  5746 | D:7      | Killed Menkaure
  5885 | D:7      | Found a staircase to the Ecumenical Temple.
  5894 | Temple   | Entered the Ecumenical Temple
  5962 | Temple   | Became a worshipper of Ashenzari the Shackled
  6052 | D:7      | Reached XP level 9. HP: 75/75 MP: 10/10
  6071 | D:7      | Reached skill level 9 in Fighting
  6205 | D:7      | Found a sacrificial altar of Ru.
  6261 | D:7      | Reached skill level 5 in Axes
  6590 | D:8      | Noticed Erica
  6605 | D:8      | Killed Erica
  6908 | D:8      | Found a runed translucent door.
  6908 | D:8      | Noticed Esekla's ghost (novice OpDe)
  7088 | D:8      | Reached skill level 10 in Fighting
  7453 | D:8      | Killed Esekla's ghost
  7454 | D:8      | Gained mutation: Your demonic aura sometimes causes spilled
                  | blood to erupt in flames. [demonic ancestry]
  7454 | D:8      | Reached XP level 10. HP: 58/86 MP: 11/11
  7657 | D:9      | Found Tyurch's Distillery.
  8041 | D:9      | Reached * piety under Ashenzari
  8178 | D:9      | Reached skill level 5 in Armour
  8228 | D:9      | You fall into a shaft and drop 2 floors!
  8238 | D:11     | Identified the ring "Zoith" {rElec EV+5}
  8244 | D:11     | Noticed Lodul
  8251 | D:10     | Entered Level 10 of the Dungeon
  8274 | D:10     | Noticed a two-headed ogre
  8276 | D:10     | Noticed a gargoyle
  8283 | D:10     | Killed a two-headed ogre
  8291 | D:10     | Killed a gargoyle
  8292 | D:10     | Reached skill level 11 in Fighting
  8358 | D:10     | Found a flagged portal.
  8379 | Bailey   | Entered a bailey
  8385 | Bailey   | Reached ** piety under Ashenzari
  8803 | Bailey   | Noticed a gargoyle
  8808 | Bailey   | Killed a gargoyle
  8897 | Bailey   | Identified Vv's Guidebook on Congealing Calefaction
  8926 | Bailey   | Identified the +1 leather armour of the Hunter {rElec
                  | Slay+5}
  8933 | Bailey   | Identified the +1 robe of Hedonism {+Inv rPois Regen+
                  | Str-3}
  8935 | Bailey   | Identified the ring "Kelisarch" {rC+ rCorr Dex+3}
  9334 | D:9      | Found a hide-covered altar of Uskayaw.
  9343 | D:9      | Found a bloodstained altar of Trog.
  9567 | D:10     | Gained mutation: You are completely covered in sharp
                  | spines. [demonic ancestry]
  9567 | D:10     | Reached XP level 11. HP: 96/96 MP: 13/13
  9750 | D:10     | Reached *** piety under Ashenzari
  9756 | D:10     | Noticed a two-headed ogre
  9766 | D:10     | Killed a two-headed ogre
 10422 | D:11     | Noticed a four-headed hydra
 10423 | D:11     | Noticed a boulder beetle
 10427 | D:11     | Noticed a deep troll earth mage
 10430 | D:11     | Killed Lodul
 10441 | D:11     | Reached skill level 12 in Fighting
 10818 | D:11     | Noticed Sonja
 10825 | D:11     | Killed Sonja
 10940 | D:11     | Noticed an oklob plant
 10941 | D:11     | Found a staircase to the Lair.
 10941 | D:11     | Noticed an oklob plant
 10943 | D:11     | Killed an oklob plant
 10952 | D:11     | Killed an oklob plant
 11057 | D:11     | Noticed an ogre mage
 11057 | D:11     | Identified the ring of Gaog {rC+++ MP+9 Str+2 Dex-3 Stlth+}
 11057 | D:11     | Noticed a skeletal warrior
 11080 | D:11     | Found a transporter.
 11136 | D:11     | HP: 5/101 [meliai/+0 hand axe (5)]
 11137 | D:11     | Slain by a meliai

Illustrated notes

Levels and vault maps discovered:
D:1:      spicycebolla_arrival_risky_transporter, layout_basic
D:2:      layout_basic, hellmonk_ecumenical_altar_arch_garden, uniq_robin
D:3:      layout_loops_ring, grunt_dithmenos_smoke_and_mirrors,
          portal_sewer_entry_c, st_stairs_4, amcnicky_mini_corridor_feature,
          kennysheep_cluttered_room, uniq_sigmund
D:4:      layout_basic, mainiacjoe_overflow_alcove_1
D:5:      layout_loops_cross, xom_redecorated, overflow_temple_1_default,
          nicolae_tso_swordbearing_angel
D:6:      layout_loops_corners
D:7:      layout_rooms, nicolae_ru_sacrificial_ziggurat,
          lemuel_temple_firewalk_b, uniq_menkaure, uniq_prince_ribbit1
D:8:      layout_basic, hellmonk_ghost_happy_afterlife, uniq_erica
D:9:      layout_stronghold, mainiacjoe_overflow_swirl, serial_shops,
          nicolae_shop_crystal
D:10:     layout_basic, enter_bailey_5
D:11:     gammafunk_the_bubble [the_bubble_gammafunk_grid], layout_basic,
          dpeg_oklobed_lair, erik_orc_1, special_room [special_room_kobold],
          uniq_lodul, uniq_sonja
Temple:   nicolae_temple_two_arcs

Skill      XL: |  1  2  3  4  5  6  7  8  9 10 11 |
---------------+----------------------------------+-----
Axes           | 2 4 7 8 |  8.0
Armour         | 3 4 7 8 |  8.0
Unarmed Combat | 1 2 3 |  3.0
Dodging        | 1 3 4 |  4.6
Stealth        | 1 |  1.0
Fighting       | 4 5 6 7 8 10 11 12 | 12.9
Throwing       | 1 2 |  2.0
Evocations     | 1 2 |  2.0
Spellcasting   | 1 |  1.0
Shields        | |  2.6

Action                     |  1- 3 |  4- 6 |  7- 9 | 10-12 || total
---------------------------+-------+-------+-------+-------++-------
  Melee: War axe           |    66 |    65 |   120 |    35 ||   286
         Touch             |     5 |    12 |    17 |     5 ||    39
         Punch             |       |       |     3 |     1 ||     4
         Battleaxe         |       |       |       |    95 ||    95
  Throw: Stone             |       |     3 |       |     8 ||    11
         Dart              |       |       |       |     2 ||     2
         Javelin           |       |       |       |     1 ||     1
 Invoke: Curse Item        |       |       |     1 |     3 ||     4
    Use: Scroll            |     3 |     7 |     6 |     2 ||    18
         Potion            |       |     2 |     2 |     1 ||     5
   Stab: Sleeping          |       |       |       |     1 ||     1
 Armour: Scale mail        |    24 |       |       |       ||    24
         Chain mail        |    18 |    38 |    51 |    39 ||   146
         Leather armour    |       |       |       |    12 ||    12
  Dodge: Dodged            |    32 |    15 |    94 |   123 ||   264
  Block: Buckler           |     8 |       |       |       ||     8

Table legend: (Time is in decaauts)
 A = Elapsed time spent in this place.
 B = Non-inter-level travel time spent in this place.
 C = Inter-level travel time spent in this place.
 D = Time resting spent in this place.
 E = Time spent auto-exploring this place.
 F = Levels seen in this place.
 G = Mean time per level.
                   A        B        C        D        E       F      G
               +--------+--------+--------+--------+--------+-----+--------+
         Total |  11280 |   9555 |   1725 |   1177 |   5818 |  14 |  805.7 |
       Dungeon |  10277 |   8552 |   1725 |    887 |   5766 |  11 |  934.3 |
        Temple |    101 |    101 |      0 |      0 |     14 |   1 |  101.0 |
         Sewer |    269 |    269 |      0 |      0 |     13 |   1 |  269.0 |
        Bailey |    632 |    632 |      0 |    290 |     24 |   1 |  632.0 |
               +--------+--------+--------+--------+--------+-----+--------+

Top non-repeatable levels by time:
     D:6: 1221 daAuts
     D:8: 1101 daAuts
     D:1: 1059 daAuts
    D:10: 1026 daAuts
     D:9: 993 daAuts
     D:3: 970 daAuts
     D:7: 787 daAuts
     D:5: 785 daAuts
    D:11: 783 daAuts
     D:4: 782 daAuts
     D:2: 765 daAuts
  Bailey: 632 daAuts
   Sewer: 269 daAuts
  Temple: 101 daAuts
